 Dungeon Crawl Stone Soup version 0.25-a0-290-g4a1327ee3a (webtiles) character file.

Game seed: 11111518580486410826, levelgen mode: deterministic

58020 waterploufplouf the Cleaver (level 14, -12/110 HPs)
             Began as a Demonspawn Gladiator on Dec 13, 2019.
             Was a Follower of Uskayaw.
             Mangled by a spriggan rider
             ... wielding a cursed -1 spear
              (18 damage)
             ... on level 1 of the Swamp on Dec 14, 2019.
             The game lasted 01:45:19 (26567 turns).

waterploufplouf the Cleaver (Demonspawn Gladiator) Turns: 26567, Time: 01:45:20

Health: -12/110    AC: 26    Str: 23    XL:     14   Next: 47%
Magic:  20/20      EV: 18    Int:  9    God:    Uskayaw [*.....]
Gold:   1581       SH:  0    Dex: 20    Spells: 13/13 levels left

rFire    . . .     SeeInvis .   A - +6 war axe (flame)
rCold    . . .     Gourm    .   (no shield)
rNeg     + + .     Faith    .   y - +3 scale mail {rN+}
rPois    .         Spirit   .   (helmet restricted)
rElec    .         Reflect  .   n - +1 cloak
rCorr    .         Harm     .   I - +2 pair of gloves {Str+3}
MR       +....                  M - +0 pair of boots
Stlth    +.........             X - amulet of regeneration
HPRegen  0.68/turn              J - +5 ring of strength
MPRegen  0.17/turn              T - +4 ring of protection

@: confused, lethally poisoned (-12 -> -20), marked, hasted, studying 2 skills,
very quick
A: horns 2, yellow scales 2, demonic guardian 1, negative energy resistance 1,
nightstalker 1
a: Stomp, Renounce Religion


You were on level 1 of the Swamp.
You worshipped Uskayaw.
Uskayaw was aware of your devotion.
You were not hungry.

You visited 5 branches of the dungeon, and saw 22 of its levels.
You also visited: Sewer and Ossuary.

You collected 1993 gold pieces.
You spent 412 gold pieces at shops.

Inventory:

Hand Weapons
 g - a +0 hand axe of electrocution
 w - a +3 war axe of venom
 A - a +6 war axe of flaming (weapon)
Missiles
 j - 39 poisoned darts
 p - 2 javelins
 F - 27 boomerangs (quivered)
 N - 6 curare-tipped darts
 Y - 8 silver javelins
Armour
 n - a +1 cloak (worn)
 y - a +3 scale mail of positive energy (worn)
 I - a +2 pair of gloves of strength (worn)
 M - a +0 pair of boots (worn)
 V - a +2 ring mail of cold resistance
Jewellery
 e - an uncursed ring of see invisible
 r - an uncursed ring of positive energy
 z - an uncursed amulet of rage
 J - a +5 ring of strength (left hand)
 P - an uncursed ring of stealth
 R - an uncursed ring of flight
 T - a +4 ring of protection (right hand)
 X - an amulet of regeneration (around neck)
Wands
 a - a wand of paralysis (27)
 c - a wand of digging (12)
 l - a wand of flame (40)
 G - a wand of acid (16)
 Q - a wand of iceblast (8)
Scrolls
 b - 8 scrolls of identify
 i - 7 scrolls of teleportation
 t - a scroll of fog
 x - 2 scrolls of magic mapping
 L - 5 scrolls of remove curse
 S - 2 scrolls of amnesia
Potions
 d - 3 potions of berserk rage
 h - a potion of magic
 m - 5 potions of brilliance
 s - 2 potions of flight
 u - 3 potions of haste
 v - 5 potions of might
 B - 3 potions of agility
 C - a potion of mutation
 E - a potion of resistance
 K - 2 potions of cancellation
Books
 q - a manual of Fighting
 D - a manual of Throwing
Comestibles
 f - 29 rations


   Skills:
 - Level 10.0 Fighting
 - Level 13.0 Axes
 - Level 12.0 Throwing
 - Level 9.9 Armour
 - Level 10.0 Dodging
 * Level 4.4 Stealth
 + Level 8.0 Invocations


You had 13 spell levels left.
You didn't know any spells.
Your spell library contained the following spells:

 Spells                   Type           Power        Failure   Level  Hunger
 Confusing Touch          Hex            #.....       65%         1    ##.....
 Corona                   Hex            #......      65%         1    ##.....
 Foxfire                  Conj/Fire      #...         65%         1    ##.....
 Magic Dart               Conj           #...         65%         1    ##.....
 Shock                    Conj/Air       #...         65%         1    ##.....
 Blink                    Tloc           N/A          78%         2    ###....
 Call Imp                 Summ           #.......     78%         2    ###....
 Searing Ray              Conj           #.....       78%         2    ###....
 Slow                     Hex            #.......     78%         2    ###....
 Swiftness                Chrm/Air       #.......     78%         2    ###....
 Confuse                  Hex            #.......     95%         3    ####...
 Conjure Flame            Conj/Fire      #.......     95%         3    ####...
 Dazzling Flash           Conj/Hex       #.....       95%         3    ####...
 Gell's Gravitas          Tloc           #.........   95%         3    ####...
 Inner Flame              Hex/Fire       #.......     95%         3    ####...
 Mephitic Cloud           Conj/Pois/Air  #.......     95%         3    ####...
 Portal Projectile        Hex/Tloc       #.....       95%         3    ####...
 Static Discharge         Conj/Air       #.......     95%         3    ####...
 Airstrike                Air            #.........   100%        4    #####..
 Cause Fear               Hex            #.........   100%        4    #####..
 Fulminant Prism          Conj/Hex       #.........   100%        4    #####..
 Iskenderun's Mystic Bla  Conj/Tloc      #.......     100%        4    #####..
 Leda's Liquefaction      Hex/Erth       #.........   100%        4    #####..
 Petrify                  Tmut/Erth      #.......     100%        4    #####..
 Sticky Flame             Conj/Fire      #.......     100%        4    #####..
 Fireball                 Conj/Fire      #.........   100%        5    ######.
 Lightning Bolt           Conj/Air       #.........   100%        5    ######.
 Metabolic Englaciation   Hex/Ice        #.........   100%        5    ######.
 Yara's Violent Unravell  Hex/Tmut       #.........   100%        5    ######.


Dungeon Overview and Level Annotations

Branches:
Dungeon (12/15)            Temple (1/1) D:4            Lair (6/6) D:8
  Swamp (1/4) Lair:2       Spider (0/4) Lair:2        Slime (0/5) Lair:6
    Orc (2/2) D:9             Elf (0/3) Orc:2         Sewer (visited)
Ossuary (visited)

Altars:
Ashenzari
Cheibriados
Dithmenos
Elyvilon
Fedhas
Gozag
Hepliaklqana
Kikubaaqudgha
Makhleb
Nemelex Xobeh
Okawaru
Qazlal
Sif Muna
Trog
Uskayaw
Vehumet
Wu Jian
Xom
Yredelemnul
Zin
The Shining One
Beogh
Jiyva

Shops:
D:6 =   D:9 :*%   Orc:2 *[(

Annotations:
D:10 1 runed translucent door, MisterFreud's ghost, novice HOAK
D:12 Frances


Innate Abilities, Weirdness & Mutations

You have a pair of horns on your head.
You are mostly covered in yellow scales. (AC +3)
A weak demonic guardian rushes to your aid.
You resist negative energy. (rN+)
You are slightly more attuned to the shadows.


Message History

You can no longer pass through a line of other dancers.
You are confused.
You feel invigorated.
* * * LOW HITPOINT WARNING * * *
You feel sick.
The hornet dies!
A spiny frog comes into view.
The spriggan rider misses you.
Okay, then.
* * * LOW HITPOINT WARNING * * *
You feel sick.
* * * LOW HITPOINT WARNING * * *
You feel sick.
The spriggan rider hits you but does no damage.
You bump into the tree.
* * * LOW HITPOINT WARNING * * *
You feel sick.
A spriggan rider comes into view. It is wielding a +0 spear.
The spriggan rider hits you from afar with a cursed -1 spear!!
You die...

≈≈.........≈.♣♣.≈♣♣..≈≈≈≈...##.
..≈≈......≈≈≈.♣≈♣♣.≈≈≈≈≈≈......
..≈≈≈♣.≈≈≈≈≈≈.♣.≈§.≈≈≈≈≈..#.#..
≈≈≈≈.♣.≈≈F.>...≈...≈≈≈..♣.#.#..
≈≈≈≈≈..≈≈..≈i..≈...≈≈≈..≈.###..
≈≈..≈†.≈≈.F♣♣..≈≈..≈≈≈...≈.....
...........≈≈≈i....≈≈≈........f
...........≈i≈...≈≈........≈...
........≈≈≈...@.≈≈...≈≈≈≈...≈≈.
≈..≈≈..§≈≈≈.≈♣♣.....≈≈≈≈≈......
....≈...≈≈≈/♣♣♣♣♣♣♣.≈≈≈≈≈≈≈.♣..
..?...≈..≈§.♣ ♣....≈≈.≈§.≈.
♣♣....≈♣....♣ ♣≈.≈....≈≈.≈♣
.♣♣♣♣♣♣♣♣♣♣♣ ♣♣♣≈≈.......≈
♣♣.≈≈...... ♣.≈..≈♣♣♣♣ ♣♣..♣♣♣
♣.


You could see 3 spriggan riders and a spiny frog.

Vanquished Creatures
  The ghost of floatRand the Magus, a journeyman FoFi of Nemelex Xobeh (Lair:1)
  Snorg (Lair:3)
  Josephine (Lair:6)
  A shambling mangrove (Swamp:1)
  Harold (D:8)
  4 hydras
  Erica (D:11)
  3 alligators
  A catoblepas (Lair:6)
  3 two-headed ogres
  7 death yaks
  An orc high priest (Orc:1)
  A fire crab (Lair:6)
  2 orc knights (Orc:1)
  A deep elf mage (D:12)
  An orc sorcerer (Orc:1)
  2 cyclopes
  2 black mambas (Lair:5)
  Psyche (D:8)
  A gargoyle (D:11)
  11 spiny frogs
  4 komodo dragons
  A troll (D:12)
  6 polar bears (Lair:6)
  4 hornets (Lair:6)
  2 tyrant leeches (Swamp:1)
  9 blink frogs
  2 bog bodies
  4 hippogriffs
  7 dream sheep (Lair:6)
  12 spriggans (Lair:6)
  A shadow (D:9)
  2 wyverns
  26 yaks
  A basilisk (Lair:5)
  6 wraiths
  3 vampire mosquitoes (Swamp:1)
  A steam dragon (D:11)
  Grum (D:8)
  A hungry ghost (D:11)
  5 wargs (Orc:1)
  An acid dragon (D:11)
  22 orc warriors
  4 porcupines
  9 water moccasins
  3 ice beasts
  3 sky beasts
  4 black bears
  11 ogres
  A phantom (D:6)
  66 wolves
  4 boggarts (Lair:6)
  6 centaurs
  2 big kobolds
  9 crocodiles
  11 bullfrogs
  A wyvern zombie (D:12)
  2 scorpions (D:12)
  A water moccasin skeleton (D:6)
  10 wights
  A howler monkey (D:6)
  3 vampire bats (D:9)
  2 bullfrog zombies
  A crimson imp (D:5)
  A centaur zombie (D:12)
  4 hounds
  A jelly (D:10)
  20 orc priests
  A gnoll shaman (D:9)
  3 bullfrog skeletons
  2 iguanas
  12 orc wizards
  9 worker ants
  A big kobold zombie (Ossuary)
  7 mummies (Ossuary)
  A worker ant zombie (D:6)
  11 adders
  7 gnolls
  A howler monkey skeleton (D:8)
  5 river rats (Sewer)
  A shadow imp (D:6)
  6 oozes
  3 adder skeletons
  An adder zombie (D:6)
  A worm (D:5)
  A dart slug (D:2)
  8 leopard geckos
  68 orcs
  5 giant cockroaches
  7 goblins
  12 hobgoblins
  7 jackals
  5 quokkas
  13 ball pythons
  8 bats
  4 frilled lizards
  2 gnoll zombies (Ossuary)
  A goblin zombie (D:5)
  3 hobgoblin zombies (Ossuary)
  2 jackal zombies
  11 kobolds
  2 kobold zombies (Ossuary)
  A leopard gecko zombie (D:6)
  A quokka zombie (D:5)
  27 rats
  A butterfly (Lair:1)
  2 plants
611 creatures vanquished.

Vanquished Creatures (collateral kills)
  A cyclops (Orc:2)
  A black mamba (Lair:5)
  A gargoyle (D:12)
  2 centaur skeletons
  2 spiny frogs
  A troll (Orc:1)
  A wyvern (Lair:1)
  4 yaks
  A warg (Orc:2)
  An ice beast (D:8)
  A phantom (D:5)
  An ogre (Orc:1)
  A bullfrog (Sewer)
  2 centaur zombies (D:5)
  2 orc wizards
  An orc priest (Orc:1)
  A mummy (Ossuary)
  A gnoll (D:9)
  7 orcs
  A giant cockroach (D:5)
  4 ball pythons (Sewer)
  A frilled lizard (Sewer)
38 creatures vanquished.

Vanquished Creatures (others)
  A hornet (Swamp:1)
  5 fungi
  A plant (Lair:6)
7 creatures vanquished.

Grand Total: 656 creatures vanquished

Notes
Turn   | Place    | Note
-------+----------+-------------------------------------------
     0 | D:1      | waterploufplouf the Demonspawn Gladiator began the quest
                  | for the Orb.
     0 | D:1      | Reached XP level 1. HP: 16/16 MP: 1/1
   157 | D:1      | Gained mutation: A weak demonic guardian rushes to your
                  | aid. [demonic ancestry]
   157 | D:1      | Reached XP level 2. HP: 14/23 MP: 2/2
  1072 | D:1      | Reached skill level 3 in Axes
  1420 | D:2      | Reached XP level 3. HP: 28/28 MP: 3/3
  1880 | D:2      | Found a stormy altar of Qazlal.
  2303 | D:3      | Gained mutation: You have a pair of small horns on your
                  | head. [demonic ancestry]
  2303 | D:3      | Reached XP level 4. HP: 30/35 MP: 4/4
  2583 | D:3      | Found a glowing drain.
  2586 | D:3      | Reached skill level 1 in Armour
  2603 | Sewer    | Entered a sewer
  2687 | Sewer    | Reached XP level 5. HP: 36/41 MP: 5/5
  2992 | Sewer    | Gained mutation: You are slightly more attuned to the
                  | shadows. [demonic ancestry]
  2992 | Sewer    | Reached XP level 6. HP: 24/47 MP: 6/6
  3244 | D:3      | Noticed a water moccasin
  3247 | D:3      | Killed a water moccasin
  3516 | D:3      | Found a faded altar of an unknown god.
  3969 | D:4      | Reached skill level 5 in Armour
  3969 | D:4      | Gained mutation: You are partially covered in yellow
                  | scales. (AC +2) [demonic ancestry]
  3969 | D:4      | Reached XP level 7. HP: 52/52 MP: 7/7
  4040 | D:4      | Reached skill level 4 in Axes
  4120 | D:4      | Reached skill level 1 in Stealth
  4259 | D:4      | Found a staircase to the Ecumenical Temple.
  4312 | Temple   | Entered the Ecumenical Temple
  4515 | Temple   | Became a worshipper of Uskayaw the Reveler
  4723 | D:4      | Reached * piety under Uskayaw
  4989 | D:5      | Entered Level 5 of the Dungeon
  4998 | D:5      | Reached ** piety under Uskayaw
  5063 | D:5      | Reached skill level 1 in Invocations
  5071 | D:5      | Reached *** piety under Uskayaw
  5301 | D:5      | Noticed a hippogriff
  5311 | D:5      | Killed a hippogriff
  5311 | D:5      | Reached skill level 5 in Invocations
  5311 | D:5      | Reached XP level 8. HP: 46/58 MP: 9/12
  5317 | D:5      | Reached **** piety under Uskayaw
  5565 | D:5      | Found a sand-covered staircase.
  5572 | Ossuary  | Entered an ossuary
  6006 | D:5      | Reached skill level 5 in Axes
  6533 | D:6      | Gained mutation: You are mostly covered in yellow scales.
                  | (AC +3) [demonic ancestry]
  6533 | D:6      | Reached XP level 9. HP: 52/66 MP: 14/14
  6533 | D:6      | Reached ***** piety under Uskayaw
  6970 | D:6      | Found Bemnyi Nuatt's Jewellery Shop.
  6979 | D:6      | Bought a +5 ring of strength for 412 gold pieces
  7090 | D:6      | Reached skill level 5 in Dodging
  7267 | D:7      | Reached skill level 5 in Fighting
  7267 | D:7      | Reached skill level 6 in Axes
  8110 | D:8      | Noticed Psyche
  8119 | D:8      | Killed Psyche
  8119 | D:8      | Reached skill level 7 in Axes
  8476 | D:8      | Noticed Grum
  8493 | D:8      | Killed Grum
  9042 | D:8      | Reached XP level 10. HP: 76/76 MP: 15/15
  9061 | D:8      | Found a staircase to the Lair.
  9656 | D:8      | Found a glowing golden altar of the Shining One.
  9656 | D:8      | Found a shimmering altar of Xom.
  9660 | D:8      | Found a bloodstained altar of Trog.
  9660 | D:8      | Found a radiant altar of Vehumet.
  9675 | D:8      | Noticed Harold
  9683 | D:8      | Killed Harold
  9683 | D:8      | Reached skill level 8 in Axes
 10037 | D:9      | Found a staircase to the Orcish Mines.
 10066 | D:9      | Found an ancient bone altar of Kikubaaqudgha.
 10727 | D:9      | Reached skill level 5 in Throwing
 10729 | D:9      | Noticed a two-headed ogre
 10748 | Lair:1   | Entered Level 1 of the Lair of Beasts
 10748 | Lair:1   | Noticed a spiny frog
 10754 | Lair:1   | Killed a spiny frog
 11126 | D:9      | Killed a two-headed ogre
 11126 | D:9      | Reached skill level 9 in Axes
 11228 | D:9      | Found Moivvic's Book Emporium.
 11747 | D:9      | Found Plog's Assorted Antiques.
 11759 | D:9      | Found Koefouma's Food Shoppe.
 11942 | D:10     | Entered Level 10 of the Dungeon
 12120 | D:10     | Found a runed translucent door.
 12120 | D:10     | Noticed MisterFreud's ghost (novice HOAK)
 12249 | D:10     | Gained mutation: You have a pair of horns on your head.
                  | [demonic ancestry]
 12249 | D:10     | Reached XP level 11. HP: 77/85 MP: 12/16
 12601 | D:10     | Reached skill level 10 in Axes
 13188 | D:11     | Noticed Erica
 13200 | D:11     | Killed Erica
 13647 | D:11     | Noticed a two-headed ogre
 13664 | D:11     | Killed a two-headed ogre
 13664 | D:11     | Reached skill level 11 in Axes
 14387 | D:12     | Noticed Frances
 14602 | D:12     | Noticed a two-headed ogre
 14606 | D:12     | Noticed a deep elf mage
 14612 | D:12     | HP: 1/89 [deep elf mage/bolt of lightning (29)]
 14988 | D:12     | Killed a deep elf mage
 14997 | D:12     | Killed a two-headed ogre
 15155 | D:12     | Reached XP level 12. HP: 45/97 MP: 17/17
 15951 | Orc:1    | Entered Level 1 of the Orcish Mines
 15961 | Orc:1    | Reached skill level 12 in Axes
 16236 | Orc:1    | Reached skill level 10 in Fighting
 16860 | Orc:1    | Noticed an orc high priest
 16868 | Orc:1    | Killed an orc high priest
 17364 | Orc:1    | Found a roughly hewn altar of Beogh.
 17660 | Orc:2    | Entered Level 2 of the Orcish Mines
 17678 | Orc:2    | Noticed an ettin
 17679 | Orc:2    | Found Puvoykh's Antique Weapon Boutique.
 17695 | Orc:2    | Found Ymurch's Antique Armour Shop.
 17695 | Orc:2    | Noticed an ettin
 17802 | Orc:2    | Found Reuneria's General Store.
 17802 | Orc:2    | Noticed an ettin
 17802 | Orc:2    | HP: 3/97 [ogre/+0 giant club (20)]
 18976 | Lair:1   | Found a runed translucent gate.
 18976 | Lair:1   | Noticed floatRand's ghost (journeyman FoFi)
 18977 | Lair:1   | Found a runed translucent gate.
 18978 | Lair:1   | Found a runed translucent gate.
 20002 | Lair:1   | Killed floatRand's ghost
 20100 | Lair:2   | Found a hole to the Spider Nest.
 20126 | Lair:2   | Noticed an eight-headed hydra
 20142 | Lair:2   | Killed a five-headed hydra
 20405 | Lair:2   | Reached XP level 13. HP: 89/103 MP: 15/18
 20682 | Lair:2   | Found a staircase to the Swamp.
 21755 | Lair:3   | Noticed Snorg
 21773 | Lair:3   | Killed Snorg
 22131 | Lair:2   | Reached skill level 10 in Throwing
 22994 | Lair:4   | Reached skill level 13 in Axes
 24074 | Lair:5   | Identified a scroll of acquirement
 24322 | Lair:6   | Entered Level 6 of the Lair of Beasts
 24408 | Lair:6   | Found a runed translucent door.
 24408 | Lair:6   | Found a viscous altar of Jiyva.
 24409 | Lair:6   | Found a staircase to the Slime Pits.
 24473 | Lair:6   | Noticed Josephine
 24811 | Lair:6   | Killed Josephine
 25132 | Lair:6   | Gained mutation: You resist negative energy. (rN+) [demonic
                  | ancestry]
 25132 | Lair:6   | Reached XP level 14. HP: 110/110 MP: 19/19
 25224 | Lair:6   | Reached ****** piety under Uskayaw
 25358 | Lair:6   | Reached skill level 10 in Dodging
 25978 | Swamp:1  | Entered Level 1 of the Swamp
 26563 | Swamp:1  | HP: 1/110 [spriggan rider/cursed -1 spear (12)]
 26567 | Swamp:1  | Mangled by a spriggan rider

Levels and vault maps discovered:
D:1:      giann_wishing_wells, layout_basic
D:2:      layout_basic, nicolae_qazlal_general_emergency
D:3:      layout_loops_ring, chequers_ecumenical_altar_lobes,
          portal_sewer_entry_f
D:4:      layout_loops_cross, minmay_temple_entry_nine_rooms, first_ration,
          kennysheep_cluttered_room, supply_closet_lemuel
D:5:      layout_cave_pools, enter_ossuary_4, kennysheep_opposing_triangles
D:6:      layout_basic, serial_shops, kennysheep_little_box
D:7:      layout_basic, grunt_ogre_cave, minivault_14, chequers_garden
D:8:      layout_cave_pods, grunt_temple_overflow_open, lair_entry_dummy,
          minmay_misc_feat_secret_circle, uniq_grum, uniq_psyche, uniq_harold
D:9:      layout_basic, basic_altar, serial_shops, nicolae_shop_stone, shop,
          kennysheep_mini_moat, roderic_batcave, grunt_ministairs_2
D:10:     layout_gridville, ebering_ghost_reflecting_pool
D:11:     layout_irregular_city, uniq_erica
D:12:     layout_long_grid, serial_shops, shop, uniq_frances
Temple:   hc_temple_tempest_star
Lair:1:   layout_long_grid, gammafunk_ghost_split,
          nicolae_quartered_pool_little, eino_small_chamber_without_monster,
          serial_bayou_shore_b, infiniplex_staircase_pool, lemuel_fruit_fields
Lair:2:   layout_big_grid, skrybe_swamp_entry_bodies,
          spider_nest_entry_web_field, grunt_forest_small_clearings,
          eino_small_chamber_without_monster, minivault_23, serial_bayou_shore_b
Lair:3:   layout_layer_cave, st_stairs_7, grunt_megastairs_3,
          infiniplex_staircase_pool_2, uniq_snorg
Lair:4:   layout_gridlike
Lair:5:   layout_regular_city, lemuel_fruit_tree, grunt_megastairs_1
Lair:6:   minmay_lair_end_enchanted_forest, layout_big_grid, slime_altar_2,
          grunt_forest_large_clearings, uniq_josephine
Swamp:1:  layout_basic_swamp, evilmike_swamp_ruin_rubble_1, swamp_pool5
Orc:1:    layout_diamond_mine, nicolae_orc_sculptors_studio, minmay_orc_temple_c
Orc:2:    grunt_orc_gardens, layout_diamond_mine, grunt_orc_garden,
          grunt_orc_garden, grunt_orc_garden, grunt_orc_garden, enter_volcano_1,
          basic_altar

Skill      XL: |  1  2  3  4  5  6  7  8  9 10 11 12 13 14 |
---------------+-------------------------------------------+-----
Axes           | 3 4 5 7 9 11 12 13 | 13.0
Dodging        | 3 4 5 8 9 10 | 10.0
Fighting       | 3 4 6 7 9 10 | 10.0
Throwing       | 2 4 5 6 7 12 | 12.0
Armour         | 2 3 5 7 8 9 |  9.9
Stealth        | 1 4 |  4.4
Invocations    | 5 7 8 |  8.0

Action                   |  1- 3 |  4- 6 |  7- 9 | 10-12 | 13-15 || total
-------------------------+-------+-------+-------+-------+-------++-------
Melee: War axe           |    80 |    24 |   310 |   570 |   415 ||  1399
       Hand axe          |    35 |   111 |       |       |       ||   146
       Headbutt          |       |    22 |    83 |   164 |   118 ||   387
Throw: Dart              |     4 |     1 |    14 |    76 |    10 ||   105
       Throwing net      |     1 |     1 |     3 |     4 |       ||     9
       Boomerang         |       |       |     2 |    10 |    60 ||    72
       Javelin           |       |       |       |     4 |       ||     4
Invok: Stomp             |       |       |     2 |    23 |    10 ||    35
       Line Pass         |       |       |     1 |     8 |     4 ||    13
       Grand Finale      |       |       |       |       |     2 ||     2
Evoke: Wand              |       |       |       |       |     3 ||     3
  Use: Scroll            |     2 |     8 |     7 |    21 |    15 ||    53
       Potion            |       |       |       |    14 |     6 ||    20
 Stab: Sleeping          |     2 |     3 |     8 |     9 |     3 ||    25
       Held in net/web   |       |     1 |     4 |     1 |       ||     6
       Distracted        |       |       |     4 |     1 |     7 ||    12
       Paralysed         |       |       |    10 |    37 |    45 ||    92
       Confused          |       |       |       |     5 |     1 ||     6
       Invisible         |       |       |       |     1 |       ||     1
       Petrified         |       |       |       |       |    14 ||    14
  Eat: Chunk             |     4 |     5 |    14 |    23 |    15 ||    61
       Ration            |       |       |     1 |     6 |     3 ||    10
Armor: Leather armour    |    38 |     1 |       |       |       ||    39
       Ring mail         |       |    47 |   107 |    47 |       ||   201
       Scale mail        |       |       |       |   166 |   191 ||   357
Dodge: Dodged            |   103 |    97 |   182 |   429 |   351 ||  1162

Table legend:
 A = Non-vault XP
 B = Vault XP
 C = Vault XP percentage of total XP
 D = Non-vault monster count
 E = Vault monster count
 F = Vault count percentage of total count
                 A         B        C        D         E       F
            +---------+---------+-------+---------+---------+-------
      Total |   50865 |   32022 |  38.6 |     417 |     229 |  35.4
            +---------+---------+-------+---------+---------+-------
        D:1 |      36 |       0 |   0.0 |      20 |       0 |   0.0
        D:2 |      51 |       0 |   0.0 |      21 |       0 |   0.0
        D:3 |     210 |      12 |   5.4 |      18 |       4 |  18.2
        D:4 |     518 |       0 |   0.0 |      15 |       0 |   0.0
        D:5 |     924 |      19 |   2.0 |      29 |       5 |  14.7
        D:6 |    1038 |       0 |   0.0 |      31 |       0 |   0.0
        D:7 |     825 |     118 |  12.5 |       7 |       1 |  12.5
        D:8 |    1111 |    1750 |  61.2 |      23 |       5 |  17.9
        D:9 |    1831 |     562 |  23.5 |      22 |      13 |  37.1
       D:10 |    3483 |       0 |   0.0 |      32 |       0 |   0.0
       D:11 |    3124 |     950 |  23.3 |      27 |       1 |   3.6
       D:12 |    4275 |       0 |   0.0 |      24 |       0 |   0.0
     Lair:1 |    3344 |    2117 |  38.8 |      17 |       5 |  22.7
     Lair:2 |    6489 |    2682 |  29.2 |      33 |       4 |  10.8
     Lair:3 |    2786 |    2500 |  47.3 |       5 |       4 |  44.4
     Lair:4 |     866 |       0 |   0.0 |       4 |       0 |   0.0
     Lair:5 |    3665 |     641 |  14.9 |      13 |       3 |  18.8
     Lair:6 |    7536 |   16171 |  68.2 |      22 |      85 |  79.4
    Swamp:1 |    4566 |       0 |   0.0 |      10 |       0 |   0.0
      Orc:1 |    3859 |    3180 |  45.2 |      41 |      33 |  44.6
      Orc:2 |     328 |     881 |  72.9 |       3 |       2 |  40.0
      Sewer |       0 |     263 | 100.0 |       0 |      48 | 100.0
    Ossuary |       0 |     176 | 100.0 |       0 |      16 | 100.0
            +---------+---------+-------+---------+---------+-------
